 Dungeon Crawl Stone Soup version 0.29-a0-397-g846e4a0bbc (webtiles) character file.

Game seed: 5269779763148699269

3002 Majang the Carver (level 9, -1/57 HPs)
             Began as a Tengu Gladiator on May 11, 2022.
             Was a Priest of Makhleb.
             Killed by divine providence
             ... invoked by an orc priest
              (14 damage)
             ... on level 8 of the Dungeon.
             The game lasted 00:29:31 (10027 turns).

Majang the Carver (Tengu Gladiator)                Turns: 10027, Time: 00:29:32

Health: -1/57      AC:  9    Str: 14    XL:     9   Next: 84%
Magic:  12/12      EV: 16    Int:  9    God:    Makhleb [***...]
Gold:   429        SH:  0    Dex: 20    Spells: 8/8 levels left

rFire   . . .      SeeInvis .   a - +2 long sword
rCold   . . .      Faith    .   (no shield)
rNeg    . . .      Spirit   .   u - +0 ring mail
rPois   .          Reflect  .   c - +1 hat
rElec   .          Harm     .   j - +0 cloak
rCorr   +          Rampage  .   g - +0 pair of gloves
Will    .....                   (boots unavailable)
Stlth   ++........              (no amulet)
HPRegen 0.19/turn               m - ring of resist corrosion
MPRegen 0.13/turn               (no ring)

@: flying quickly and evasively, quick
A: beak, talons 3, nimble flight
a: Renounce Religion, Minor Destruction, Lesser Servant of Makhleb


You were on level 8 of the Dungeon.
You worshipped Makhleb.
Makhleb was most pleased with you.
You visited 1 branch of the dungeon, and saw 8 of its levels.
You also visited: Bailey.

You collected 429 gold pieces.

Inventory:

Hand Weapons
 a - a +2 long sword (weapon)
 q - a +0 falchion of holy wrath
Missiles
 d - 4 throwing nets (quivered)
 e - a javelin
Armour
 c - a +1 hat (worn)
 g - a +0 pair of gloves (worn)
 j - a +0 cloak (worn)
 l - a +0 chain mail
 u - a +0 ring mail (worn)
Jewellery
 m - a ring of resist corrosion (left hand)
Wands
 b - a wand of polymorph (6)
 h - a wand of flame (49)
 n - a wand of digging (9)
 s - a wand of iceblast (4)
Scrolls
 f - 4 scrolls of identify
 k - 4 scrolls of poison
 p - 2 scrolls of teleportation
 r - a scroll of magic mapping
 v - a scroll of immolation
Potions
 i - a potion of mutation
 o - a potion of lignification
 w - a potion of attraction
 x - a potion of might


   Skills:
 * Level 7.0 Fighting
 * Level 8.6 Long Blades
 - Level 2.0 Throwing
 + Level 4.4 Armour
 + Level 5.8 Dodging
 + Level 4.5 Stealth
 + Level 3.7 Invocations
 + Level 2.0 Evocations


You had 8 spell levels left.
You didn't know any spells.
Your spell library contained the following spells:

 Spells                   Type           Power      Damage    Failure   Level
 Animate Skeleton         Necr           0%         N/A       61%         1
 Apportation              Tloc           0%         N/A       61%         1
 Summon Small Mammal      Summ           0%         N/A       61%         1
 Blink                    Tloc           0%         N/A       75%         2
 Corpse Rot               Necr/Air       0%         N/A       75%         2
 Ensorcelled Hibernation  Hex/Ice        0%         N/A       75%         2
 Poisonous Vapours        Pois/Air       0%         N/A       75%         2
 Ozocubu's Armour         Ice            0%         N/A       93%         3
 Spider Form              Tmut/Pois      0%         N/A       93%         3
 Anguish                  Hex/Necr       0%         N/A       100%        4
 Manifold Assault         Tloc           0%         N/A       100%        5
 Ozocubu's Refrigeration  Ice            0%         4d5       100%        7
 Storm Form               Tmut/Air       0%         N/A       100%        7


Dungeon Overview and Level Annotations

Branches:
Dungeon (8/15)             Bailey (visited)
 Temple: D:4-7         Lair: D:8-11

Altars:
Makhleb

Annotations:
D:7 3 runed translucent doors


Innate Abilities, Weirdness & Mutations

You have a beak for a mouth.
You have claws for feet.
Your magical nature lets you fly swiftly and evasively.


Message History

You peck the human, but do no damage.
The human is severely wounded.
The human misses you.
The human splashes around in the water.
You completely miss the human. Your kick misses the human.
The human is severely wounded.
The human hits you with a +0 war axe!
The human splashes around in the water.
You hit the human but do no damage. Your kick misses the human.
The human is severely wounded.
The human hits you with a +0 war axe. The human barely misses you.
You barely miss the human. You claw the human, but do no damage.
The human is severely wounded.
The human closely misses you. x2
You hit the human. Your kick misses the human. Your peck misses the human.
The human is severely wounded.
The human splashes around in the water.
You hit the human.
The human is almost dead.
The human hits you with a +1 vorpal hand axe!
* * * LOW HITPOINT WARNING * * *
x2 The human misses you.
Things that are here:
a +0 vorpal hand axe; a +0 ring mail
There is a gate leading back out of this place here.
The human hits you with a +1 vorpal hand axe.
* * * LOW HITPOINT WARNING * * *
x2 Welcome back to the Dungeon!
There is an empty arch of ancient stone here.
Unknown command.
Found a chain mail.
An orc comes into view. It is wielding a +0 hand axe.
An orc priest comes into view.
It is wielding a +1 short sword of flaming.
Found an escape hatch in the ceiling. 3 orcs come into view.
The orc shouts! x3
The orc shouts!
The orc priest shouts!
The orc hits you with a +0 hand axe.
* * * LOW HITPOINT WARNING * * *
The orc priest invokes the aid of Beogh against you.
Beogh smites you!
You die...

..#........##.<.
.......#...#.(..
.....>.#........ ##
......./....##.. ..#
................. ....
................. .....
#................
.....###..#.....###.....
#....@..#.....#.......
#......###............
#####o........#.......
##.o#.......((....
####op####...≈≈(≈≈..
#.o....##....≈.>.≈..
#..o.o........≈.∩.≈..
#...o.##.......≈...≈..
##...# #.......≈≈≈≈≈..


You could see a human, an orc priest and 3 orcs.

Vanquished Creatures
  Grinder (D:3)
  A steam dragon (D:7)
  2 humans (Bailey)
  A black bear (D:5)
  3 ice beasts
  An ogre (D:7)
  A phantom (D:4)
  Blork the orc (D:4)
  4 necrophages
  2 bullfrogs
  2 scorpions (D:6)
  6 killer bees
  A howler monkey (D:6)
  3 jellies
  5 hounds
  4 gnoll shamans
  2 orc priests (D:4)
  5 iguanas
  Ijyb (D:4)
  3 orc wizards
  15 gnolls
  7 adders
  A white imp (D:7)
  An ufetubus (D:5)
  2 worms
  3 dart slugs (D:1)
  13 orcs
  6 endoplasms
  3 giant cockroaches
  16 hobgoblins
  3 jackals (D:5)
  8 kobolds
  6 quokkas
  10 ball pythons
  6 bats
  6 frilled lizards
  7 goblins
  7 rats
169 creatures vanquished.

Vanquished Creatures (others)
  13 plants (D:3)
13 creatures vanquished.

Grand Total: 182 creatures vanquished

Notes
Turn   | Place    | Note
-------+----------+-------------------------------------------
     0 | D:1      | Majang the Tengu Gladiator began the quest for the Orb.
     0 | D:1      | Reached XP level 1. HP: 12/12 MP: 2/2
   371 | D:1      | Reached XP level 2. HP: 11/17 MP: 3/3
   747 | D:1      | Reached skill level 4 in Long Blades
   953 | D:1      | Reached XP level 3. HP: 20/22 MP: 4/4
  1466 | D:2      | Found a burning altar of Makhleb.
  1481 | D:2      | Became a worshipper of Makhleb the Destroyer
  1517 | D:2      | Reached XP level 4. HP: 24/27 MP: 5/5
  1748 | D:2      | Reached skill level 5 in Long Blades
  2366 | D:3      | Gained mutation: Your magical nature lets you fly swiftly
                  | and evasively. [Tengu growth]
  2366 | D:3      | Reached XP level 5. HP: 25/32 MP: 6/6
  2441 | D:3      | Noticed Grinder
  2472 | D:3      | Paralysed by Grinder for 2 turns
  2476 | D:3      | Killed Grinder
  2477 | D:3      | Reached skill level 1 in Armour
  2477 | D:3      | Reached skill level 1 in Stealth
  2477 | D:3      | Reached skill level 1 in Invocations
  2477 | D:3      | Reached XP level 6. HP: 3/38 MP: 7/7
  2793 | D:3      | Found a faded altar of an unknown god.
  2871 | D:3      | Reached * piety under Makhleb
  3412 | D:4      | Noticed Ijyb
  3647 | D:4      | Killed Ijyb
  3786 | D:4      | You are sucked into a shaft and drop 3 floors!
  3881 | D:6      | Reached skill level 6 in Long Blades
  3881 | D:6      | Reached XP level 7. HP: 29/43 MP: 7/9
  5238 | D:6      | Reached XP level 8. HP: 35/48 MP: 10/10
  5339 | D:6      | Reached skill level 5 in Fighting
  5689 | D:6      | Reached skill level 7 in Long Blades
  5715 | D:5      | Entered Level 5 of the Dungeon
  5738 | D:5      | HP: 2/50 [poisoned by a killer bee]
  6173 | D:4      | Reached ** piety under Makhleb
  6186 | D:4      | Noticed Blork the orc
  6498 | D:4      | Killed Blork the orc
  7065 | D:4      | Reached skill level 5 in Dodging
  7447 | D:5      | Reached XP level 9. HP: 55/55 MP: 12/12
  8202 | D:5      | Reached skill level 8 in Long Blades
  8272 | D:5      | Reached skill level 1 in Evocations
  9136 | D:7      | Reached *** piety under Makhleb
  9208 | D:7      | Found a runed translucent door.
  9208 | D:7      | Found a runed translucent door.
  9208 | D:7      | Noticed a tengu conjurer
  9208 | D:7      | Noticed a boulder beetle
  9210 | D:7      | Found a runed translucent door.
  9210 | D:7      | Noticed a gargoyle
  9748 | D:7      | Noticed a hornet
  9771 | D:8      | Found a flagged portal.
  9791 | Bailey   | Entered a bailey
 10027 | D:8      | Killed from afar by an orc priest

Illustrated notes

Levels and vault maps discovered:
D:1:      dpeg_arrival_signposts, layout_basic
D:2:      layout_basic, basic_altar
D:3:      layout_loops_ring, nicolae_ecumenical_oubliette, hex_medium,
          amcnicky_mini_corridor_feature, minmay_misc_feat_room,
          nicolae_grassy_gnolls, uniq_grinder
D:4:      layout_basic, uniq_ijyb, uniq_blork_the_orc
D:5:      layout_basic, grunt_decor_arrowhead
D:6:      kennysheep_six_static_rooms, layout_gridville
D:7:      minmay_the_grid_triangle_9x9_rhombus_full
          [minmay_the_grid_triangle_9x9_empty,
          minmay_the_grid_triangle_9x9_sprig,
          minmay_the_grid_triangle_9x9_fully_insulated_deathbox,
          minmay_the_grid_triangle_9x9_corruption,
          minmay_the_grid_triangle_9x9_zippers_horizontal,
          minmay_the_grid_triangle_9x9_wacky_v,
          minmay_the_grid_triangle_9x9_semitri,
          minmay_the_grid_triangle_9x9_prize_top_heavy], layout_rooms,
          minmay_temple_entry_fiery, minmay_misc_feat_tiny, kennysheep_dice
D:8:      layout_cave_pools, enter_bailey_5

Skill      XL: |  1  2  3  4  5  6  7  8  9 |
---------------+----------------------------+-----
Long Blades    | 4 5 6 7 8 |  8.6
Fighting       | 3 4 6 7 |  7.0
Armour         | 1 2 3 4 |  4.4
Stealth        | 1 2 3 4 |  4.5
Invocations    | 1 2 3 |  3.7
Dodging        | 4 5 |  5.8
Evocations     | 2 |  2.0
Throwing       | |  2.0

Action                   |  1- 3 |  4- 6 |  7- 9 || total
-------------------------+-------+-------+-------++-------
Melee: Long sword        |    95 |   111 |   297 ||   503
       Kick              |    21 |    26 |    94 ||   141
       Peck              |     7 |    11 |    53 ||    71
       Punch             |     1 |     1 |     4 ||     6
Throw: Throwing net      |       |     1 |       ||     1
Invok: Minor Destruction |       |       |     5 ||     5
Evoke: Wand              |       |       |     3 ||     3
  Use: Potion            |       |     2 |     6 ||     8
       Scroll            |       |    12 |     5 ||    17
 Stab: Held in net/web   |       |     2 |       ||     2
       Sleeping          |       |       |     4 ||     4
       Distracted        |       |       |     2 ||     2
Armor: Leather armour    |     8 |       |       ||     8
       Chain mail        |    42 |    23 |       ||    65
       Skin              |       |    12 |     3 ||    15
       Ring mail         |       |     8 |    69 ||    77
Dodge: Dodged            |    41 |    31 |   210 ||   282

Table legend: (Time is in decaauts)
 A = Elapsed time spent in this place.
 B = Non-inter-level travel time spent in this place.
 C = Inter-level travel time spent in this place.
 D = Time resting spent in this place.
 E = Time spent auto-exploring this place.
 F = Levels seen in this place.
 G = Mean time per level.
                   A        B        C        D        E       F      G
               +--------+--------+--------+--------+--------+-----+--------+
         Total |   9736 |   9538 |    198 |   4216 |   2970 |   9 | 1081.8 |
       Dungeon |   9522 |   9324 |    198 |   4082 |   2970 |   8 | 1190.2 |
        Bailey |    214 |    214 |      0 |    134 |      0 |   1 |  214.0 |
               +--------+--------+--------+--------+--------+-----+--------+

Top non-repeatable levels by time:
     D:6: 2117 daAuts
     D:4: 1585 daAuts
     D:5: 1405 daAuts
     D:3: 1388 daAuts
     D:1: 1293 daAuts
     D:2: 999 daAuts
     D:7: 691 daAuts
  Bailey: 214 daAuts
     D:8: 41 daAuts
